 Dungeon Crawl Stone Soup version 0.23-a0-756-g517b432 (console) character file.

2056 Voker57 the Carver (level 9, -3/62 HPs)
             Began as a Demonspawn Gladiator on Jan 18, 2019.
             Was an Initiate of Hepliaklqana.
             Killed from afar by Sigmund (6 damage)
             ... with a magic dart
             ... on level 6 of the Dungeon.
             The game lasted 00:08:10 (5932 turns).

Voker57 the Carver (Demonspawn Gladiator)           Turns: 5932, Time: 00:08:10

Health: -3/62      AC:  5    Str: 14    XL:     9   Next: 5%
Magic:  9/9        EV: 16    Int:  9    God:    Hepliaklqana [......]
Gold:   363        SH:  0    Dex: 19    Spells: 8/8 levels left

rFire    . . .     SeeInvis .   t - +2 great sword
rCold    . . .     Gourm    .   (shield currently unavailable)
rNeg     + . .     Faith    .   b - +1 leather armour
rPois    .         Spirit   .   c - +0 helmet
rElec    .         Reflect  .   (no cloak)
rCorr    .         Harm     .   (no gloves)
MR       .....                  (no boots)
Stlth    ++........             (no amulet)
HPRegen  0.20/turn              w - ring of positive energy
MPRegen  0.11/turn              (no ring)

@: flying, starving, hasted, very quick
A: reduced essence, hooves 1, demonic guardian 1, powered by death 1, sturdy
frame 1
a: Recall Ancestor, Ancestor Identity, Renounce Religion


You were on level 6 of the Dungeon.
You worshipped Hepliaklqana.
Hepliaklqana was noncommittal.
You were starving.

You visited 1 branch of the dungeon, and saw 6 of its levels.
You also visited: Ossuary.

You collected 363 gold pieces.

Inventory:

Hand Weapons
 a - a +0 long sword
 t - a +2 great sword (weapon)
Missiles
 d - 4 throwing nets (quivered)
 y - 7 tomahawks of returning
Armour
 b - a +1 leather armour (worn)
 c - a +0 helmet (worn)
Jewellery
 w - a ring of positive energy (left hand)
Wands
 q - a wand of iceblast (28)
Scrolls
 e - 6 scrolls of remove curse
 g - 2 scrolls of teleportation
 u - 5 scrolls of identify
 v - a scroll of fog
Potions
 h - a potion of flight
 i - 3 potions of heal wounds
 j - 4 potions of curing
 k - a potion of magic
 l - a potion of haste
 m - a potion of mutation {unknown}
 n - 2 potions of lignification {unknown}
 o - 2 potions of brilliance {unknown}
 x - a potion of invisibility {unknown}
Comestibles
 f - 11 rations


   Skills:
 + Level 6.1 Fighting
 * Level 8.1 Long Blades
 - Level 1.7 Throwing
 + Level 1.7 Armour
 + Level 5.9 Dodging


You had 8 spell levels left.
You didn't know any spells.
Your spell library contained the following spells:

 Spells                   Type           Power        Failure   Level  Hunger
 Beastly Appendage        Tmut           #.....       38%         1    ##.....
 Sandblast                Erth           #.....       38%         1    ##.....
 Passwall                 Tmut/Erth      #.......     54%         2    ###....
 Sticks to Snakes         Tmut           #.......     54%         2    ###....
 Spider Form              Tmut/Pois      #.........   77%         3    ####...
 Stone Arrow              Conj/Erth      #.....       77%         3    ####...
 Ice Form                 Ice/Tmut       #.......     99%         4    #####..
 Petrify                  Tmut/Erth      #.......     99%         4    #####..
 Blade Hands              Tmut           #.........   100%        5    ######.
 Lee's Rapid Deconstruct  Erth           #.........   100%        5    ######.


Dungeon Overview and Level Annotations

Branches:
Dungeon (6/15)             Temple (0/1) D:6

Altars:
Elyvilon
Gozag
Hepliaklqana
Nemelex Xobeh
Qazlal
Ru
Uskayaw
Wu Jian
Zin
The Shining One

Annotations:
D:6 Sigmund


Innate Abilities, Weirdness & Mutations

You have large cloven feet.
A weak demonic guardian rushes to your aid.
You regenerate a little health from kills.
Your movements are slightly less encumbered by armour. (ER -2)
Your life essence is reduced to manifest your ancestor. (-10% HP)


Message History

Numeria hits something!
Something hits you!
* * * LOW HITPOINT WARNING * * *
You see here a +0 leather armour.
You barely miss the orc. Your kick misses the orc.
Numeria hits something.
Your iron imp hits the orc!
The orc dies!
Something hits you.
* * * LOW HITPOINT WARNING * * *
Things that are here:
a +0 dagger; a +0 leather armour; 2 tomahawks of returning There isn't anything to butcher here.
Numeria closely misses something.
Your iron imp disappears in a puff of smoke!
Numeria hits something.
Numeria hits something.
Numeria hits something.
Numeria hits something.
A magic dart appears from out of thin air!
The magic dart hits you!
You die...

,,,,,>,..........+...............
,,,,,,,..........##.##..#**#####'
*****+**#.....(..[......####.....
*,,,+..................'.....
****#.........#.###.####.....
***######.........#...).# #####.
*,,...............####).# #.
*,,......[.§......# #÷.# #.
*,,......§).......# #..##****##.
*,,......R{§....@.# #...#*,.....
*,,...............####.#.#*,.....
*,,.......###..........#.##,,..#.
*,,.......* #..........#..#,,,...
*,,.......* #..........##.#***##.
*,,.......* #..........##'######.
***#######* #####.###.........##.
#.# #.........##.
#.###.........### ######
#...÷.........# #


You could see the friendly Numeria the ancestor.

Vanquished Creatures
  A hungry ghost (D:5)
  2 ogres
  4 elf zombies
  A gnoll sergeant (D:5)
  An elf skeleton (D:6)
  4 scorpions
  A howler monkey (D:5)
  A centaur zombie (Ossuary)
  2 crimson imps (D:5)
  A bullfrog zombie (D:6)
  3 hounds
  2 human zombies (Ossuary)
  A centaur skeleton (D:4)
  2 human skeletons (D:6)
  A bullfrog skeleton (D:4)
  2 orc wizards (D:3)
  7 worker ants
  A big kobold zombie (Ossuary)
  2 hound skeletons
  2 mummies (Ossuary)
  A worker ant zombie (D:6)
  4 gnolls (D:5)
  8 adders
  A shadow imp (D:6)
  An ooze (D:5)
  2 adder zombies (Ossuary)
  3 worms
  4 dart slugs
  7 leopard geckos
  7 orcs
  4 ball pythons
  9 bats
  5 giant cockroaches
  8 goblins
  15 hobgoblins
  2 quokkas
  10 frilled lizards
  8 hobgoblin zombies (Ossuary)
  A jackal skeleton (D:4)
  A jackal zombie (D:6)
  3 kobolds
  11 kobold zombies (Ossuary)
  An orc skeleton (D:6)
  4 orc zombies (Ossuary)
  14 rats
175 creatures vanquished.

Vanquished Creatures (collateral kills)
  A phantom (D:6)
  A bullfrog (D:6)
  An elf skeleton (D:6)
  A crimson imp (D:6)
  A hound (D:6)
  An orc priest (D:6)
  2 orcs
  2 goblin zombies (Ossuary)
  A jackal skeleton (D:5)
  2 kobold zombies (Ossuary)
  An orc zombie (Ossuary)
14 creatures vanquished.

Grand Total: 189 creatures vanquished

Notes
Turn   | Place    | Note
-------+----------+-------------------------------------------
     0 | D:1      | Voker57 the Demonspawn Gladiator began the quest for the
                  | Orb.
     0 | D:1      | Reached XP level 1. HP: 16/16 MP: 1/1
   102 | D:1      | Reached skill level 3 in Long Blades
   122 | D:1      | Gained mutation: You have large cloven feet. [demonic
                  | ancestry]
   122 | D:1      | Reached XP level 2. HP: 22/22 MP: 2/2
   705 | D:1      | Gained mutation: A weak demonic guardian rushes to your
                  | aid. [demonic ancestry]
   705 | D:1      | Reached XP level 3. HP: 22/28 MP: 3/3
  1047 | D:2      | Found a glowing silver altar of Zin.
  1047 | D:2      | Found a hide-covered altar of Uskayaw.
  1084 | D:2      | Found an ornate altar of the Wu Jian Council.
  1252 | D:2      | Reached XP level 4. HP: 27/34 MP: 4/4
  1505 | D:3      | Reached skill level 4 in Long Blades
  1642 | D:3      | Found an opulent altar of Gozag.
  1877 | D:3      | Gained mutation: Your movements are slightly less
                  | encumbered by armour. (ER -2) [demonic ancestry]
  1877 | D:3      | Reached XP level 5. HP: 41/41 MP: 5/5
  2891 | D:4      | Reached XP level 6. HP: 27/47 MP: 6/6
  3095 | D:4      | Reached skill level 5 in Long Blades
  3945 | D:5      | Entered Level 5 of the Dungeon
  3945 | D:5      | Noticed a hungry ghost
  3957 | D:5      | Killed a hungry ghost
  3957 | D:5      | Gained mutation: You regenerate a little health from kills.
                  | [demonic ancestry]
  3957 | D:5      | Reached XP level 7. HP: 44/54 MP: 7/7
  4097 | D:5      | Reached skill level 6 in Long Blades
  4178 | D:5      | Found a stormy altar of Qazlal.
  4178 | D:5      | Found a sparkling altar of Nemelex Xobeh.
  4200 | D:5      | Found a sacrificial altar of Ru.
  4200 | D:5      | Found a white marble altar of Elyvilon.
  4202 | D:5      | Found a glowing golden altar of the Shining One.
  4211 | D:5      | Found a hazy altar of Hepliaklqana.
  4217 | D:5      | Became a worshipper of Hepliaklqana the Forgotten
  4496 | D:5      | Reached skill level 5 in Fighting
  4861 | D:5      | Reached XP level 8. HP: 41/55 MP: 8/8
  4937 | D:6      | Reached skill level 5 in Dodging
  5057 | D:6      | Reached skill level 7 in Long Blades
  5061 | D:6      | Found a staircase to the Ecumenical Temple.
  5183 | D:6      | Found a sand-covered staircase.
  5194 | Ossuary  | Entered an ossuary
  5483 | Ossuary  | Reached skill level 1 in Armour
  5903 | D:6      | Reached skill level 8 in Long Blades
  5906 | D:6      | Noticed Sigmund
  5919 | D:6      | Reached XP level 9. HP: 35/62 MP: 9/9
  5925 | D:6      | HP: 2/62 [something (6)]
  5932 | D:6      | Killed from afar by Sigmund

Vault maps used:
D:1:      minmay_arrival_cross
D:2:      grunt_temple_overflow_open
D:3:      nicolae_gozag_cash_rules_everything_around_me
D:4:      first_ration, hangedman_decor_slide_cut, minmay_starry_boxes
D:5:      minitemple, uniq_menkaure
D:6:      minmay_temple_entry_sparse_star, nicolae_ossuary_entry_catacombs,
          uniq_sigmund
Ossuary:  ossuary_tomb_1

Skill      XL: |  1  2  3  4  5  6  7  8 |
---------------+-------------------------+-----
Long Blades    | 3 4 5 6 8 |  8.1
Dodging        | 3 4 5 |  5.9
Fighting       | 3 4 5 6 |  6.1
Armour         | 1 |  1.7
Throwing       | |  1.7

Action                   |  1- 3 |  4- 6 |  7- 9 || total
-------------------------+-------+-------+-------++-------
Melee: Long sword        |    84 |   129 |       ||   213
       Kick              |    18 |    58 |    95 ||   171
       Great sword       |       |    24 |   214 ||   238
Invok: Recall Ancestor   |       |       |     1 ||     1
  Use: Scroll            |       |       |    11 ||    11
       Potion            |       |       |     5 ||     5
 Stab: Distracted        |       |     2 |     1 ||     3
       Sleeping          |       |     4 |     2 ||     6
  Eat: Chunk             |     1 |     8 |     6 ||    15
       Ration            |       |     1 |       ||     1
Armor: Leather armour    |    17 |    32 |    40 ||    89
Dodge: Dodged            |    61 |   122 |   183 ||   366
       Rpst.: Long sword |    17 |    31 |       ||    48
       Great sword       |       |     7 |    55 ||    62

Table legend:
 A = Non-vault XP
 B = Vault XP
 C = Vault XP percentage of total XP
 D = Non-vault monster count
 E = Vault monster count
 F = Vault count percentage of total count
                 A         B        C        D         E       F
            +---------+---------+-------+---------+---------+-------
      Total |    2026 |     912 |  31.0 |     142 |      47 |  24.9
            +---------+---------+-------+---------+---------+-------
        D:1 |      53 |       0 |   0.0 |      30 |       0 |   0.0
        D:2 |      71 |       0 |   0.0 |      23 |       0 |   0.0
        D:3 |     117 |       0 |   0.0 |      25 |       0 |   0.0
        D:4 |     350 |      82 |  19.0 |      19 |       2 |   9.5
        D:5 |     784 |       0 |   0.0 |      25 |       0 |   0.0
        D:6 |     651 |     337 |  34.1 |      20 |       6 |  23.1
    Ossuary |       0 |     493 | 100.0 |       0 |      39 | 100.0
            +---------+---------+-------+---------+---------+-------
